 Dungeon Crawl Stone Soup version 0.25-a0-353-ged6d54792d (webtiles) character file.

Game seed: 9507522839765237322, levelgen mode: classic

35 Borgoz the Cudgeler (level 3, 0/22 HPs)
             Began as a Gargoyle Gladiator on Jan 2, 2020.
             Slain by a hobgoblin
             ... wielding a +0 club
              (3 damage)
             ... on level 2 of the Dungeon.
             The game lasted 00:01:08 (987 turns).

Borgoz the Cudgeler (Gargoyle Gladiator)             Turns: 987, Time: 00:01:09

Health: 0/22       AC:  9    Str: 18    XL:     3   Next: 35%
Magic:  3/3        EV: 11    Int:  8    God:
Gold:   93         SH:  0    Dex: 11    Spells: 2/2 levels left

rFire    . . .     SeeInvis .   a - +0 flail
rCold    . . .     Gourm    .   (no shield)
rNeg     + . .     Faith    .   b - -1 ring mail (curse)
rPois    ∞         Spirit   .   c - +0 helmet
rElec    +         Reflect  .   (no cloak)
rCorr    .         Harm     .   g - +0 pair of gloves
MR       .....                  (no boots)
Stlth    +.........             (no amulet)
HPRegen  0.07/turn              (no ring)
MPRegen  0.08/turn              (no ring)

@: no status effects
A: negative energy resistance 1, electricity resistance, unbreathing,
petrification resistance, rot immunity, AC +3
a: no special abilities


You were on level 2 of the Dungeon.
You were not hungry.

You visited 1 branch of the dungeon, and saw 2 of its levels.

You collected 93 gold pieces.

Inventory:

Hand Weapons
 a - a +0 flail (weapon)
Missiles
 d - 3 throwing nets (quivered)
Armour
 b - a cursed -1 ring mail (worn)
 c - a +0 helmet (worn)
 g - a +0 pair of gloves (worn)
Jewellery
 h - an uncursed ring of resist corrosion {unknown}
Scrolls
 e - a scroll of amnesia {unknown}
 j - a scroll of magic mapping {unknown}
 l - a scroll of fog {unknown}
 n - a scroll of identify {unknown}
 o - a scroll of immolation {unknown}
 q - a scroll of enchant armour {unknown}
 r - 3 scrolls of blinking {unknown}
 s - a scroll of teleportation {unknown}
Potions
 i - a potion of mutation {unknown}
 k - a potion of heal wounds {unknown}
 m - 2 potions of curing {unknown}
 t - a potion of lignification {unknown}
Comestibles
 f - 4 rations
 p - 3 chunks of flesh


   Skills:
 + Level 2.6 Fighting
 * Level 3.5 Maces & Flails
 - Level 1.7 Throwing
 + Level 1.2 Armour
 + Level 2.6 Dodging


You had 2 spell levels left.
You didn't know any spells.
Your spell library was empty.

Dungeon Overview and Level Annotations

Branches:
Dungeon (2/15)

Altars:


Innate Abilities, Weirdness & Mutations

You are resistant to torment.
Your stone body is resilient. (AC +3)
You are immune to poison.
You resist negative energy. (rN+)
You are resistant to electric shocks. (rElec)
You can survive without breathing.
You are immune to petrification.
You are immune to rotting.


Message History

The rat is moderately wounded.
The rat closely misses you.
You hit the rat.
You kill the rat!
You hit the kobold but do no damage. The kobold hits you but does no damage.
You thump the kobold!
You kill the kobold!
A hobgoblin comes into view. It is wielding a +0 club.
The hobgoblin shouts!
Items here: ) ††† a +2 short sword of venom; a kobold corpse; a bat corpse x2
Items here: ) ††† a +2 short sword of venom; a kobold corpse; a bat corpse x2
Butcher a bat corpse? [(y)es/(n)o/(a)ll/(q)uit/?]
You butcher the bat corpse. x2
Items here: %% ) ÷÷ † You hit the hobgoblin.
The hobgoblin is heavily wounded.
The hobgoblin hits you with a +0 club.
You die...

#.##.# #.##.#
###.##.# .......
#..##.# #..##.#
#..##.## #..@÷<.#
.#####.g##..#
$.......##..##.#
###......$.....#
##......?.....#
.........#..###.#
............# #
..##.......... .#
#.......#..#


You could see a hobgoblin.

Vanquished Creatures
  An adder (D:2)
  6 bats
  A giant cockroach (D:1)
  3 goblins
  5 hobgoblins (D:1)
  A quokka (D:2)
  A frilled lizard (D:1)
  3 kobolds
  A rat (D:2)
22 creatures vanquished.

Notes
Turn   | Place    | Note
-------+----------+-------------------------------------------
     0 | D:1      | Borgoz the Gargoyle Gladiator began the quest for the Orb.
     0 | D:1      | Reached XP level 1. HP: 12/12 MP: 1/1
   435 | D:1      | Reached XP level 2. HP: 18/18 MP: 2/2
   937 | D:2      | Reached skill level 1 in Armour
   970 | D:2      | Reached XP level 3. HP: 7/22 MP: 3/3
   987 | D:2      | Slain by a hobgoblin

Levels and vault maps discovered:
D:1:      lordsloth_arrival_two_stooges, layout_loops_ring,
          grunt_decor_fettered, moated_statue, minmay_misc_feat_iff,
          minmay_bisected
D:2:      layout_loops_ring, amethyst_overflow_temple_binary,
          chequers_ecumenical_altar_twisty

Skill      XL: |  1  2 |
---------------+-------+-----
Armour         | 1 |  1.2
Fighting       | |  2.6
Maces & Flails | |  3.5
Throwing       | |  1.7
Dodging        | |  2.6

Action                   || total
-------------------------++-------
Melee: Flail             ||    91
Armor: Ring mail         ||    77
Dodge: Dodged            ||    83

Table legend:
 A = Non-vault XP
 B = Vault XP
 C = Vault XP percentage of total XP
 D = Non-vault monster count
 E = Vault monster count
 F = Vault count percentage of total count
                 A         B        C        D         E       F
            +---------+---------+-------+---------+---------+-------
      Total |      45 |       6 |  11.8 |      19 |       3 |  13.6
            +---------+---------+-------+---------+---------+-------
        D:1 |      21 |       6 |  22.2 |      12 |       3 |  20.0
        D:2 |      24 |       0 |   0.0 |       7 |       0 |   0.0
            +---------+---------+-------+---------+---------+-------
